[Event "Bergen Grand Prix 2019"]
[Site "Bergen"]
[Date "2019.11.17"]
[Round "5.4"]
[White "Gronnestad, Anita"]
[Black "Omtvedt, Aleksander"]
[Result "1/2-1/2"]
[ECO "D14"]
[WhiteElo "1952"]
[BlackElo "1900"]
[Annotator "NA RC"]
[PlyCount "48"]
[EventDate "2019.11.15"]
[EventType "swiss"]
[EventCountry "NOR"]
[SourceTitle "playchess.com"]
[Source "ChessBase"]
[SourceQuality "1"]
[TimeControl "40/5400:1800"]

1. d4 d5 2. c4 c6 3. cxd5 cxd5 4. Bf4 Nc6 5. Nc3 Nf6 6. e3 Bf5 7. Bb5 e6 8. Qa4 Qb6 9. Nf3 Be7 10. Ne5 Rc8 11. O-O {[%emt 0:03:44] D14: Slav Defence: Exchange variation with ...Bf5} (11. Bg5 h6 12. Bh4 a6 13. Bxc6+ bxc6 14. O-O g5 15. Bg3 O-O 16. Rac1 Rfe8 17. h4 c5 18. hxg5 hxg5 19. dxc5 Bxc5 {1-0 (33) Kayonde,A (2336)-Degondo,S (2177) Windhoek 2014}) 11... O-O 12. Bg5 Rc7 13. Rac1 $146 ({Predecessor:} 13. h3 Nxe5 14. dxe5 Ne4 15. Nxe4 Bxe4 16. Bxe7 Rxe7 17. Rac1 a6 18. Qa3 Rc7 {0-1 (64) Aulinger,R-Degen,W (2215) St Ingbert 1989}) 13... h6 14. Bf4 Nxe5 15. Bxe5 Rcc8 16. Qb3 a6 17. Ba4 Qxb3 18. Bxb3 Nd7 19. Bg3 Rc6 20. Ne2 Bd3 21. Rxc6 bxc6 22. Re1 c5 23. Nf4 Bh7 24. Rc1 c4 $11 1/2-1/2

[Event "Bergen Grand Prix 2019"]
[Site "Bergen"]
[Date "2019.11.17"]
[Round "5.5"]
[White "Eliseev, Sergey"]
[Black "Johannessen, Heine N"]
[Result "1/2-1/2"]
[ECO "D27"]
[WhiteElo "1911"]
[BlackElo "1772"]
[Annotator "NA RC"]
[PlyCount "147"]
[EventDate "2019.11.15"]
[EventType "swiss"]
[EventCountry "NOR"]
[SourceTitle "playchess.com"]
[Source "ChessBase"]
[SourceQuality "1"]
[TimeControl "40/5400:1800"]

1. d4 d5 2. Nf3 Nf6 3. c4 dxc4 4. e3 a6 5. a4 e6 6. Bxc4 c5 7. O-O Nbd7 8. Nc3 Bd6 {[%emt 0:02:16] D27: Queen's Gambit Accepted: Classical main line: 7 e4!? and 7 a4} (8... Qc7 9. Bd3 Bd6 10. Bd2 cxd4 11. exd4 O-O 12. Rc1 Qb8 13. Ne4 Nxe4 14. Bxe4 Nf6 15. Bb1 Bf4 16. Ne5 Bxd2 17. Qxd2 {1-0 (64) Gelfand,B (2741)-Bocharov,D (2560) Berlin 2015}) 9. a5 O-O 10. h3 b5 $146 ({Predecessor:} 10... cxd4 11. exd4 b5 12. axb6 Qxb6 13. Qe2 Bb7 14. Be3 {½-½ (34) Panteleev,P (2251)-Sulava,N (2453) Austria 2015}) 11. axb6 $1 Nxb6 12. Be2 Bb7 13. Na4 Nxa4 14. Qxa4 Qe7 15. b3 Rfb8 16. dxc5 Bxc5 17. Nd4 Qd7 18. Qxd7 Nxd7 19. Ba3 Bd5 20. b4 Bxb4 21. Bxb4 Rxb4 22. Rxa6 Rxa6 23. Bxa6 g6 24. Rc1 Rb6 25. Bc4 Bxc4 26. Rxc4 Nf6 27. Nf3 Rb7 28. Ra4 Rc7 29. Rd4 Rb7 30. g4 h6 31. Kg2 Kg7 32. Kg3 Rd7 33. Rxd7 Nxd7 34. e4 f6 35. h4 e5 36. Nd2 Nc5 37. f3 Nd3 38. h5 Nf4 39. Kh4 Ng2+ 40. Kg3 Nf4 41. hxg6 Kxg6 42. Nc4 Ne2+ 43. Kf2 Nf4 44. Ne3 h5 45. Kg3 hxg4 46. Kxg4 Nd3 47. Nf5 Nf2+ 48. Kh4 Nd3 49. Ne3 Ne1 50. Kg4 Nd3 51. Nd5 Nf2+ 52. Kg3 Nd3 53. Kh4 Ne1 54. Kg4 Nd3 55. Ne7+ Kf7 56. Nf5 Kg6 57. Nh4+ Kf7 58. Kf5 Ne1 59. Kg4 Nd3 60. Ng2 Kg6 61. Kh4 Nf2 62. Kg3 Nd3 63. Kh4 Nf2 64. Ne1 Nxe4 65. fxe4 f5 66. exf5+ Kxf5 67. Kg3 Ke4 68. Kf2 Kd4 69. Ke2 e4 70. Nc2+ Kc3 $11 71. Ne3 Kd4 72. Ng4 e3 73. Nf6 Ke5 74. Kxe3 1/2-1/2

[Event "Bergen Grand Prix 2019"]
[Site "Bergen"]
[Date "2019.11.17"]
[Round "5.6"]
[White "Sorensen, Simen"]
[Black "Melkevik, Egil"]
[Result "1-0"]
[ECO "A47"]
[WhiteElo "2004"]
[BlackElo "1747"]
[Annotator "NA RC"]
[PlyCount "55"]
[EventDate "2019.11.15"]
[EventType "swiss"]
[EventCountry "NOR"]
[SourceTitle "playchess.com"]
[Source "ChessBase"]
[SourceQuality "1"]
[TimeControl "40/5400:1800"]

1. d4 b6 2. Bf4 Bb7 3. e3 e6 4. Nf3 Nf6 5. Bd3 d6 6. Nbd2 Nh5 {[%emt 0:02:27] A47: 1 d4 Nf6 2 Nf3 b6: Torre, London and Colle Systems} 7. Bg5 Be7 8. Bxe7 Qxe7 9. c4 (9. c3 Nd7 10. Qa4 a6 11. Be4 d5 12. Bd3 O-O 13. O-O {0-1 (40) Sandipan,C (2575)-Jumabayev,R (2625) Chengdu 2017}) 9... Nd7 10. g4 $146 ({Predecessor:} 10. b4 a5 11. a3 f5 12. bxa5 Rxa5 13. Nb3 Ra7 {1-0 (23) Polgar,Z (2400)-Jamieson,R (2455) Adelaide 1986}) 10... Nhf6 11. Rg1 h6 12. Qe2 e5 13. Bc2 g6 14. O-O-O d5 15. dxe5 Nxe5 16. Nxe5 Qxe5 17. Nf3 Qe7 18. Ba4+ c6 (18... Kf8 $11) 19. cxd5 b5 (19... Qc5+ $16 {keeps fighting.} 20. Kb1 O-O) 20. d6 Qd7 $2 (20... Qd8) 21. Bb3 Nd5 22. e4 Nf4 (22... O-O $142 23. Qd2 (23. Bxd5 cxd5 24. e5 Rfe8 $18) 23... Qxd6 24. exd5 cxd5 25. Qxh6 Rfe8) 23. Qd2 Ne6 24. Ne5 Qd8 25. d7+ Kf8 26. Bxe6 $18 fxe6 27. Qf4+ Kg7 28. Qf7# 1-0

[Event "Bergen Grand Prix 2019"]
[Site "Bergen"]
[Date "2019.11.17"]
[Round "5.7"]
[White "Fossan, Benjamin"]
[Black "Rasmussen, Jonas H"]
[Result "0-1"]
[ECO "C50"]
[WhiteElo "1942"]
[BlackElo "1951"]
[Annotator "NA RC"]
[PlyCount "188"]
[EventDate "2019.11.15"]
[EventType "swiss"]
[EventCountry "NOR"]
[SourceTitle "playchess.com"]
[Source "ChessBase"]
[SourceQuality "1"]
[TimeControl "40/5400:1800"]

1. e4 e5 2. Nf3 Nc6 3. Bc4 Bc5 4. d3 Nf6 5. Nc3 h6 6. Be3 Bb6 7. h3 d6 8. a3 {[%emt 0:02:57] C50: Hungarian Defence and Giuoco Pianissimo} (8. Bxb6 axb6 9. d4 O-O 10. O-O Bd7 11. Re1 Re8 12. a3 g6 13. Qd2 Kg7 14. Rad1 Qc8 15. Bf1 Rd8 16. Nd5 Ng8 17. dxe5 dxe5 18. Qc3 {½-½ (57) Kabanov,N (2450)-Bindrich,F (2606) St Petersburg 2018}) 8... Be6 9. Ba2 O-O 10. O-O Ne7 11. d4 Bxa2 $146 ({Predecessor:} 11... exd4 12. Nxd4 Bxd4 13. Bxd4 Nc6 14. f4 Nxd4 15. Qxd4 Bxa2 16. Nxa2 Re8 17. Rae1 {0-1 (29) Adyrbaev,A-Volkov,A (2002) Omsk 2014}) 12. Rxa2 Ng6 13. dxe5 dxe5 14. Bxb6 axb6 15. Ra1 Qe7 16. Nd5 Nxd5 17. Qxd5 c6 18. Qb3 b5 19. Rad1 Ra4 20. Rfe1 Rd8 21. c3 Rxd1 22. Qxd1 Ra8 23. Qc2 Qe6 24. Rd1 Nf4 25. Kh2 Qf6 26. Rd2 Re8 27. Ne1 Re6 28. g3 Ng6 29. Qd1 Nf8 30. Kg2 Qg6 31. Qg4 Qf6 32. Qd1 Qe7 33. Nc2 Qg5 34. Ne3 Ng6 $2 ({Black should try} 34... Re8 $14) 35. Kh2 h5 36. h4 ({White should try} 36. Nf5 $16) 36... Qe7 $2 (36... Nxh4 $1 $11 {and Black is okay.} 37. gxh4 Qxh4+ {[%mdl 64] Double Attack} 38. Kg1 Rg6+ 39. Kf1 Rf6) 37. Qxh5 Nf8 38. Nf5 Qf6 39. Qg5 Qxg5 40. hxg5 $18 g6 41. Nh6+ Kg7 42. Rd8 Re7 43. Ng4 Ne6 44. Rd3 Nxg5 45. f3 Nh7 46. Kg2 Nf8 47. Kf2 Nd7 48. Ne3 Nc5 49. Rd6 Na4 50. Rd2 Nb6 51. b3 Rc7 52. c4 bxc4 53. Nxc4 Nxc4 54. bxc4 Kf6 55. c5 Ke7 56. Ke3 Rd7 57. Rxd7+ Kxd7 58. f4 Ke6 59. a4 f6 60. Kf3 f5 61. Ke3 Kf6 62. Kf3 exf4 63. gxf4 fxe4+ 64. Kxe4 Ke6 65. Kd4 Kf5 66. Ke3 Kf6 67. Ke4 Ke6 68. Kd4 Kf5 69. Ke3 g5 70. fxg5 Kxg5 71. Ke4 Kf6 72. Kf4 Ke6 73. Ke4 Kd7 74. Ke5 Kc7 75. Ke6 Kb8 76. Kd7 Ka7 77. Kd6 Kb8 78. Kd7 Ka7 79. Kc7 Ka6 80. Kc8 b5 81. Kc7 bxa4 82. Kxc6 a3 83. Kd7 a2 84. c6 a1=Q 85. c7 Qd4+ 86. Kc8 Qh8+ 87. Kd7 Kb7 88. Kd6 Qc8 89. Ke7 Qxc7+ 90. Ke6 Qd8 91. Ke5 Kc6 92. Ke6 Qe8+ 93. Kf5 Kd5 94. Kf4 Qe4+ {[%emt 0:00:02] Kf3 Qxf3} 0-1

[Event "Bergen Grand Prix 2019"]
[Site "Bergen"]
[Date "2019.11.17"]
[Round "5.8"]
[White "Jacobsen, Hans-Henry"]
[Black "Jacobsen, Fredrik Lytomt"]
[Result "1-0"]
[ECO "A23"]
[WhiteElo "1646"]
[BlackElo "1578"]
[Annotator "NA RC"]
[PlyCount "65"]
[EventDate "2019.11.15"]
[EventType "swiss"]
[EventCountry "NOR"]
[SourceTitle "playchess.com"]
[Source "ChessBase"]
[SourceQuality "1"]
[TimeControl "40/5400:1800"]

1. c4 e5 2. g3 c6 3. Bg2 d5 4. cxd5 cxd5 5. d3 Nf6 6. Nf3 Nc6 7. Nc3 h6 8. O-O Be6 9. a3 a5 10. Qa4 Bd6 11. Bd2 O-O 12. h3 Nd7 13. Rac1 f5 14. e3 e4 15. dxe4 fxe4 16. Nd4 Nxd4 17. Qxd4 Be5 18. Qa4 Nc5 19. Qb5 Nd3 20. Rcd1 Ra6 21. Na4 Qc8 22. Bc3 Kh8 23. Bxe5 Nxe5 24. Nc5 Bxh3 25. Rxd5 Bxg2 26. Kxg2 Ng4 27. Nxa6 bxa6 28. Qc5 Qe8 29. Qc7 Qe6 30. Rd8 Qf6 31. Rxf8+ Qxf8 32. Qf4 Nf6 33. Rc1 1-0

[Event "Bergen Grand Prix 2019"]
[Site "Bergen"]
[Date "2019.11.17"]
[Round "5.9"]
[White "Eriksen, Olai Dyrhaug"]
[Black "Sivertsen, Jarle"]
[Result "1/2-1/2"]
[ECO "D11"]
[WhiteElo "1539"]
[BlackElo "1597"]
[Annotator "NA RC"]
[PlyCount "72"]
[EventDate "2019.11.15"]
[EventType "swiss"]
[EventCountry "NOR"]
[SourceTitle "playchess.com"]
[Source "ChessBase"]
[SourceQuality "1"]
[TimeControl "40/5400:1800"]

1. d4 d5 2. c4 c6 3. Nf3 Nf6 4. g3 Bf5 5. Bg2 e6 6. O-O Be7 7. Nc3 h6 8. b3 O-O 9. Bb2 a5 10. Nd2 Na6 11. Re1 Re8 12. e4 dxe4 13. Ndxe4 Bb4 14. a3 Nxe4 15. Bxe4 Bxc3 16. Bxc3 Bxe4 17. Rxe4 Nc7 18. Qh5 Qg5 19. Qf3 b5 20. Rg4 Qf5 21. Rf4 Qc2 22. Qxc6 Qxc3 23. Rb1 e5 24. Rf3 Qxd4 25. Qxc7 f6 26. cxb5 Rec8 27. Qb7 Rab8 28. Qa6 Qe4 29. Qxa5 Qxb1+ 30. Kg2 Qe4 31. a4 g5 32. Qa6 g4 33. Qe6+ Kg7 34. Qxf6+ Kg8 35. Qf7+ Kh8 36. Qf6+ Kg8 1/2-1/2

[Event "Bergen Grand Prix 2019"]
[Site "Bergen"]
[Date "2019.11.17"]
[Round "5.10"]
[White "Dale, Svein"]
[Black "Sorhus, Jostein"]
[Result "0-1"]
[ECO "B21"]
[WhiteElo "1787"]
[BlackElo "1630"]
[Annotator "NA RC"]
[PlyCount "96"]
[EventDate "2019.11.15"]
[EventType "swiss"]
[EventCountry "NOR"]
[SourceTitle "playchess.com"]
[Source "ChessBase"]
[SourceQuality "1"]
[TimeControl "40/5400:1800"]

1. e4 c5 2. d4 cxd4 3. c3 d3 4. Nf3 g6 5. Bxd3 Bg7 6. O-O Nc6 7. Re1 d6 8. Na3 Nf6 9. Nc4 O-O 10. Bg5 Bg4 11. h3 Bxf3 12. Qxf3 b5 13. Ne3 Ne5 14. Qe2 Nxd3 15. Qxd3 h6 16. Bh4 Nh5 17. Nd5 g5 18. Qf3 Nf6 19. Bg3 Nd7 20. Qh5 e5 21. Ne3 Nf6 22. Qf3 Kh8 23. Rad1 Qc7 24. Nf5 Rad8 25. Nxh6 Nxe4 26. Rxe4 Bxh6 27. Qf6+ Kh7 28. h4 g4 29. Rxg4 Qd7 30. Qf3 f5 31. Rb4 e4 32. Qe2 a6 33. Rxd6 Qe7 34. Rxa6 e3 35. Rd4 Rxd4 36. cxd4 Qe4 37. Ra7+ Kg8 38. fxe3 Bxe3+ 39. Kh1 Rc8 40. Rc7 Qb1+ 41. Kh2 Qg1+ 42. Kh3 Qh1+ 43. Bh2 Rxc7 44. Qxe3 Rg7 45. Qf3 f4 46. d5 Rg3+ 47. Qxg3+ fxg3 48. Kxg3 Qd1 0-1

[Event "Bergen Grand Prix 2019"]
[Site "Bergen"]
[Date "2019.11.17"]
[Round "5.11"]
[White "Tenfjord Engelsen, Teodor"]
[Black "Wallevik, Karl"]
[Result "0-1"]
[ECO "D00"]
[WhiteElo "1349"]
[BlackElo "1186"]
[Annotator "NA RC"]
[PlyCount "40"]
[EventDate "2019.11.15"]
[EventType "swiss"]
[EventCountry "NOR"]
[SourceTitle "playchess.com"]
[Source "ChessBase"]
[SourceQuality "1"]
[TimeControl "40/5400:1800"]

1. d4 d5 2. Nc3 Nf6 3. Bf4 a6 4. e3 e6 5. Bd3 Bb4 6. Nge2 Bd7 7. O-O Nc6 8. a3 Ba5 9. f3 Qe7 10. Re1 O-O-O 11. b4 Bb6 12. Ng3 e5 13. Nf5 Bxf5 14. Bxf5+ Kb8 15. dxe5 Nxe5 16. Ne2 Rhe8 17. Nd4 Nc4 18. Qd3 Nh5 19. Kh1 Nxf4 20. exf4 Qxe1+ 0-1

[Event "Bergen Grand Prix 2019"]
[Site "Bergen"]
[Date "2019.11.17"]
[Round "5.12"]
[White "Hansen, Arve Nils"]
[Black "Fiskaaen, Martin Holten"]
[Result "1/2-1/2"]
[ECO "B53"]
[WhiteElo "1297"]
[BlackElo "1190"]
[Annotator "NA RC"]
[PlyCount "166"]
[EventDate "2019.11.15"]
[EventType "swiss"]
[EventCountry "NOR"]
[SourceTitle "playchess.com"]
[Source "ChessBase"]
[SourceQuality "1"]
[TimeControl "40/5400:1800"]

1. e4 c5 2. Nf3 d6 3. d4 cxd4 4. Qxd4 Nc6 5. Qd1 Nf6 6. Bd3 g6 7. Bd2 Bg7 8. Bc3 O-O 9. Nbd2 a6 10. Nb3 b5 11. a3 Bb7 12. Qe2 Rc8 13. h3 Nd7 14. Bxg7 Kxg7 15. h4 Nde5 16. h5 Nxf3+ 17. gxf3 Ne5 18. hxg6 Nxd3+ 19. Qxd3 hxg6 20. Qd4+ e5 21. Qd2 Rh8 22. O-O-O Rxh1 23. Rxh1 Qf6 24. Qh6+ Kg8 25. Qh3 Kf8 26. Rd1 Rd8 27. Qh6+ Ke7 28. Qe3 Qf4 29. Rd3 Qxe3+ 30. fxe3 Rh8 31. Rc3 Kd7 32. Rd3 Ke6 33. Rc3 Rc8 34. Kd2 Rxc3 35. Kxc3 f5 36. Nd2 d5 37. Kd3 g5 38. exf5+ Kxf5 39. b3 d4 40. a4 dxe3 41. Kxe3 b4 42. Nc4 Bd5 43. a5 Bc6 44. Nd2 g4 45. fxg4+ Kxg4 46. Nb1 Kf5 47. Nd2 Ke6 48. Nc4 Bb7 49. Kd2 e4 50. c3 bxc3+ 51. Kxc3 Kd5 52. b4 Bc6 53. Ne3+ Kd6 54. Kd4 Bb7 55. Nf5+ Ke6 56. Ne3 Kd6 57. Nd1 Kc6 58. Nc3 e3 59. Kxe3 Bc8 60. Kd4 Bh3 61. Ke5 Bg2 62. Ke6 Bh3+ 63. Ke7 Bg4 64. Kd8 Bh3 65. Ke7 Bg2 66. Ke6 Bh3+ 67. Ke5 Bg2 68. Kd4 Bh3 69. Na2 Kb5 70. Kd5 Bg2+ 71. Kd6 Bf3 72. Kc7 Bg2 73. Kb8 Bh3 74. Kb7 Bg2+ 75. Ka7 Bh3 76. Nc1 Bf1 77. Na2 Bc4 78. Nc3+ Kxb4 79. Nd5+ Bxd5 80. Kxa6 Kc5 81. Ka7 Kb5 82. a6 Ka5 83. Kb8 Kxa6 1/2-1/2